 Dungeon Crawl Stone Soup version 0.28.0-53-g5a82cb258f (webtiles) character file.

Game seed: 13035197270235348928

29 Descartes the Shield-Bearer (level 3, -1/29 HPs)
             Began as a Formicid Fighter on June 29, 2022.
             Slain by a hobgoblin (4 damage)
             ... on level 1 of the Dungeon.
             The game lasted 00:04:30 (668 turns).

Descartes the Shield-Bearer (Formicid Fighter)       Turns: 668, Time: 00:04:30

Health: -1/29      AC:  6    Str: 20    XL:     3   Next: 32%
Magic:  3/3        EV:  9    Int:  9    God:
Gold:   79         SH:  4    Dex: 10    Spells: 2/2 levels left

rFire   . . .      SeeInvis +   a - +0 war axe
rCold   . . .      Faith    .   c - +0 buckler
rNeg    . . .      Spirit   .   b - +0 scale mail
rPois   .          Reflect  .   (helmet unavailable)
rElec   .          Harm     .   (no cloak)
rCorr   .          Rampage  .   (no gloves)
Will    .....                   (no boots)
Stlth   ..........              (no amulet)
HPRegen 0.09/turn               (no ring)
MPRegen 0.08/turn               (no ring)

@: no status effects
A: permanent stasis, dig shafts and tunnels, antennae 3, four strong arms
a: Dig, Shaft Self


You were on level 1 of the Dungeon.
You visited 1 branch of the dungeon, and saw 2 of its levels.

You collected 79 gold pieces.

Inventory:

Hand Weapons
 a - a +0 war axe (weapon)
Missiles
 i - 2 poisoned darts
Armour
 b - a +0 scale mail (worn)
 c - a +0 buckler (worn)
Scrolls
 e - a scroll of immolation {unknown}
 f - a scroll of fear {unknown}
 g - a scroll of torment {unknown}
 h - 3 scrolls of summoning {unknown}
Potions
 d - a potion of might


   Skills:
 + Level 3.6 Fighting
 + Level 2.4 Axes
 + Level 3.6 Armour
 + Level 4.0 Shields
 + Level 0.5 Translocations


You had 2 spell levels left.
You didn't know any spells.
Your spell library contained the following spells:

 Spells                   Type           Power      Damage    Failure   Level
 Foxfire                  Conj/Fire      0%         2x1d4     80%         1
 Conjure Flame            Conj/Fire      0%         6-21      99%         3
 Inner Flame              Hex/Fire       0%         N/A       99%         3
 Flame Wave               Conj/Fire      0%         2d4       100%        4


Dungeon Overview and Level Annotations

Branches:
Dungeon (2/15)

Altars:


Innate Abilities, Weirdness & Mutations

You cannot be hasted, slowed, berserked, paralysed or teleported.
You can dig through walls and to a lower floor.
You have a pair of large antennae on your head. (SInv)
Your four strong arms can wield two-handed weapons with a shield.


Message History

You hit the goblin. You closely miss the orc.
The orc hits you but does no damage. The goblin hits you but does no damage.
The orc hits you with a +0 dagger.
Things that are here:
a +0 dagger; 12 gold pieces; a goblin corpse The goblin unwields a +0 club.
The goblin wields a +0 hunting sling.
The goblin shoots a stone.
The stone hits you.
* * * LOW HITPOINT WARNING * * *
You see here a ball python corpse.
There is a stone staircase leading down here.
There is a stone staircase leading up here.
The hobgoblin hits you but does no damage.
You climb upwards.
There is a stone staircase leading down here.
You barely miss the hobgoblin. The hobgoblin hits you.
* * * LOW HITPOINT WARNING * * *
You hit the hobgoblin.
The hobgoblin is moderately wounded.
The hobgoblin closely misses you. You block the hobgoblin's attack.
You closely miss the hobgoblin.
The hobgoblin is moderately wounded.
The hobgoblin hits you.
* * * LOW HITPOINT WARNING * * *
You completely miss the hobgoblin.
The hobgoblin is moderately wounded.
The hobgoblin closely misses you. You block the hobgoblin's attack.
You barely miss the hobgoblin.
The hobgoblin is moderately wounded.
You block the hobgoblin's attack.
You hit the hobgoblin.
The hobgoblin is severely wounded.
The hobgoblin hits you but does no damage.
The hobgoblin completely misses you.
You closely miss the hobgoblin.
The hobgoblin is severely wounded.
The hobgoblin closely misses you.
You barely miss the hobgoblin.
The hobgoblin is severely wounded.
The hobgoblin hits you.
You die...

#######.####.....#######
#.......####.....#######
#.#####.#.##.....+......
#.# #.#.##.....###....
#.# #.#.##.....# #....
#.# #.#.##.....###.###
#.# ###.#.####.......#
#.###...#.####.....#####
#......@g.....)†........
#..##.###.####.....#####
#...#.# #.##.......#
##....###.##...#######
##.##....##.........#
#..#.#############.###
##.#.#................
#.#.###.#######.#####
#...†...# #........


You could see a hobgoblin.

Vanquished Creatures
  5 endoplasms (D:1)
  A giant cockroach (D:1)
  5 goblins
  2 hobgoblins (D:1)
  3 quokkas (D:1)
  4 ball pythons
  4 bats (D:1)
  A kobold (D:1)
  2 rats (D:1)
27 creatures vanquished.

Notes
Turn   | Place    | Note
-------+----------+-------------------------------------------
     0 | D:1      | Descartes the Formicid Fighter began the quest for the Orb.
     0 | D:1      | Reached XP level 1. HP: 18/18 MP: 1/1
    45 | D:1      | Reached XP level 2. HP: 21/24 MP: 2/2
   362 | D:1      | Reached XP level 3. HP: 23/29 MP: 3/3
   419 | D:1      | Reached skill level 4 in Shields
   668 | D:1      | Slain by a hobgoblin

Illustrated notes

Levels and vault maps discovered:
D:1:      psy_arrival_basics, layout_basic
D:2:      layout_basic, serial_shops, nicolae_diamond_shop,
          guppyfry_early_orc_mine

Skill      XL: |  1  2  3 |
---------------+----------+-----
Shields        | 4 |  4.0
Fighting       | |  3.6
Axes           | |  2.4
Armour         | |  3.6
Translocations | |  0.5

Action                   || total
-------------------------++-------
Melee: War axe           ||    80
Armor: Scale mail        ||    33
Dodge: Dodged            ||    50
Block: Buckler           ||    27
